Map: Galactic Process LE

Players

Swarminator

  • Race: Zerg Zerg
  • League: Platinum

OneeChan - Winner!

  • Race: Terran Terran
  • League: Gold

VOD

Have the link to the VOD?

Description

Time

  • Played on: July 13, 2016, 10:48 a.m.
  • Length: 17:02
Show
View Real Time Build Order
Export as new Build Order

Swarminator Zerg 

Build Orders: Hatch First 

Get SALT Encoding   

  12  0:01  Drone  
  13  0:10  Drone  
  14  0:36  Hatchery  
  13  0:51  Spawning Pool  
  13  0:54  Extractor  
  13  0:56  Drone  
  12  1:01  Drone  
  13  1:10  Overlord  
  13  1:15  Drone  
  14  1:35  Drone x2  
  16  1:40  Queen  
  18  1:50  Drone x2  
  20  1:54  Drone  
  20  2:00  Drone  
  22  2:02  Drone  
  23  2:09  Drone  
  24  2:16  Queen  
  24  2:20  Drone  
  27  2:23  Drone  
  28  2:36  Roach Warren  
  27  2:37  Drone  
  28  2:46  Overlord x2  
  28  3:17  Roach x5  
  28  3:18  Roach x2  
  42  3:22  Roach  
  44  3:30  Extractor  
  44  3:33  Lair  
  43  3:34  Drone  
  43  3:38  Extractor  
  43  3:40  Drone, Extractor  
  43  3:41  Drone  
  44  3:42  Overlord  
  44  4:08  Drone  
  44  4:09  Drone x7  
  48  4:40  Drone x2  
  48  4:41  Drone x2  
  52  4:50  Spire  
  52  4:51  Overlord x2, Drone  
  52  4:53  Overlord  
  50  5:23  Drone x5  
  50  5:24  Drone x4  
  59  5:46  Spore Crawler  
  59  5:49  Spore Crawler  
  57  6:02  Mutalisk x6  
  57  6:03  Mutalisk x3  
  75  6:14  Infestation Pit  
  75  6:18  Overlord  
  74  6:32  Hatchery  
  75  6:56  Hive  
  75  6:57  Queen  
  70  7:21  Roach  
  70  7:22  Roach x7  
  82  7:23  Roach, Zergling x8  
  81  8:10  Overlord x2  
  81  8:11  Ultralisk Cavern, Overlord x3  
  80  8:16  Drone x6  
  80  8:17  Drone x3  
  89  8:52  Extractor  
  89  8:53  Queen  
  89  8:55  Drone x5  
  94  8:56  Drone x2  
  94  8:59  Drone x2  
  94  9:01  Spore Crawler  
  98  9:03  Mutalisk x4  
  106  9:16  Overlord x3  
  106  9:17  Ultralisk x3  
  89  9:53  Mutalisk x3  
  89  9:55  Ultralisk x3  
  113  10:07  Queen  
  115  10:14  Roach x2  
  115  10:15  Roach x7  
  115  10:16  Zergling x2  
  136  10:28  Roach x3  
  123  11:04  Roach x5  
  125  11:05  Zergling x2, Ultralisk x2  
  125  11:06  Zergling x4  
  141  11:18  Spine Crawler, Mutalisk x2  
  134  11:19  Spine Crawler  
  115  12:24  Hatchery  
  110  12:47  Queen  
  110  12:49  Hydralisk Den  
  111  13:10  Metabolic Boost  
  111  13:26  Hydralisk x3  
  111  13:27  Hydralisk x7  
  111  13:30  Overlord x5  
  131  13:37  Muscular Augments  
  131  13:52  Hydralisk x5  
  131  13:53  Hydralisk  
  143  13:58  Hydralisk x2  
  147  14:21  Overlord x2  
  147  14:22  Overlord x2  
  147  14:39  Queen  
  147  14:45  Zergling x10  
  153  14:46  Zergling x8  
  158  15:04  Swarm Host x3  
  167  15:07  Swarm Host  
  167  15:08  Overlord  
  167  15:09  Overlord x3  
  170  15:29  Swarm Host x4  
  182  15:45  Extractor  
Show
View Real Time Build Order
Export as new Build Order

OneeChan Terran - Winner!

Build Orders: Reaper Expand 

Get SALT Encoding   

  12  0:01  SCV  
  13  0:13  SCV  
  14  0:18  Supply Depot  
  14  0:26  SCV  
  15  0:40  SCV  
  15  0:41  Barracks  
  16  0:47  Refinery  
  16  0:53  SCV  
  17  1:05  SCV  
  18  1:17  SCV  
  19  1:29  Orbital Command  
  19  1:30  Reaper  
  20  1:48  Command Center  
  20  1:56  Command Center  
  20  2:12  SCV  
  20  2:13  Barracks Reactor  
  20  2:14  Supply Depot  
  21  2:22  Barracks  
  21  2:31  SCV  
  22  2:41  Factory  
  22  2:45  Refinery  
  22  2:47  SCV  
  23  2:51  Marine  
  23  2:54  Marine  
  25  3:05  SCV  
  26  3:10  Orbital Command  
  26  3:15  Barracks Tech Lab  
  26  3:18  Marine  
  26  3:19  Marine  
  28  3:22  SCV  
  28  3:25  Factory Reactor  
  29  3:34  Starport  
  29  3:37  Marine x2  
  31  3:44  Marine  
  31  3:46  SCV x2  
  34  4:07  Marine x2  
  34  4:08  Marine  
  37  4:10  Liberator  
  37  4:12  SCV x2  
  37  4:15  Stimpack  
  36  4:26  Orbital Command  
  34  4:32  Marine x2  
  34  4:33  Marine  
  35  4:45  Factory Tech Lab  
  33  4:58  Marine  
  33  4:59  Marine x2  
  36  5:03  SCV x2  
  34  5:22  Marine x3  
  34  5:24  Siege Tank, Orbital Command  
  40  5:38  SCV  
  40  5:41  Medivac  
  40  5:42  Medivac  
  45  5:44  Marine  
  45  5:45  Barracks  
  46  6:01  Supply Depot  
  46  6:02  Supply Depot  
  46  6:03  Supply Depot  
  46  6:16  Engineering Bay  
  46  6:19  Engineering Bay  
  46  6:22  Marine x3, SCV x2  
  51  6:29  Supply Depot  
  51  6:31  Supply Depot  
  51  6:35  Barracks Reactor  
  51  6:36  Supply Depot  
  51  6:38  Siege Tank, Medivac  
  51  6:39  Medivac  
  58  6:40  SCV x2  
  58  6:43  Marine  
  58  6:44  Marine x2  
  63  6:51  Terran Infantry Weapons Level 1  
  63  6:56  Refinery, SCV x2  
  65  7:16  Liberator  
  65  7:21  Liberator  
  57  7:31  Marine x4  
  57  7:32  Marine  
  63  7:38  Refinery  
  63  7:43  Supply Depot  
  66  7:47  Supply Depot  
  66  7:49  Missile Turret  
  61  7:52  Missile Turret  
  61  7:54  Missile Turret  
  61  7:56  Missile Turret  
  61  8:02  Marine  
  61  8:03  Missile Turret, Marine x4  
  61  8:05  Missile Turret x2  
  66  8:09  Starport  
  66  8:18  Missile Turret  
  66  8:36  Liberator  
  66  8:51  Marine x2  
  66  8:52  Marine x3  
  66  8:55  Starport Reactor  
  74  9:36  Marine x4  
  74  9:37  Marine  
  79  9:40  Liberator x2  
  59  9:54  Marine  
  59  9:55  Marine x4  
  70  10:00  SCV  
  71  10:11  Liberator  
  71  10:21  Liberator  
  71  10:26  Marine x2  
  71  10:27  Marine x3  
  76  10:30  SCV  
  82  10:52  Marine x5  
  54  11:35  Orbital Command  
  50  11:50  Liberator x4  
  40  12:06  Marine x5  
  58  12:08  SCV x2  
  55  12:40  Marine x4  
  55  12:41  Marine  
  60  12:45  Siege Tank  
  60  12:50  SCV x2  
  65  13:12  Marine x5  
  70  13:26  Supply Depot  
  70  13:27  Supply Depot  
  70  13:28  Supply Depot  
  70  13:48  Marine x5, SCV x2  
  77  14:09  Marine x5  
  82  14:16  Liberator  
  79  14:22  Command Center  
  76  14:26  Supply Depot  
  76  14:27  Supply Depot  
  79  14:40  Medivac  
  81  15:06  Supply Depot, Marine x5  
  86  15:08  Medivac x2  
  86  15:09  SCV  
  91  15:16  Refinery  
  91  15:28  Marine x4  
  92  15:29  Marauder  
  92  15:33  Combat Shields  
  97  15:44  Orbital Command  
  97  15:45  SCV x2  
  99  15:51  Marine x3  
  101  16:29  Marine x5  
  101  16:31  Medivac x4  
Tags
 
Add a new tag
Caveats
  • Supply blocks, unpowered buildings, or Contaminate may cause inaccurate times.
  • Supply counts are checked every 10 seconds.